 Dungeon Crawl Stone Soup version 0.29.1-2-gbd0b4ee654 (webtiles) character file.

Game seed: 14788741216406637140

89 styxcanada the Covert (level 4, -2/23 HPs)
             Began as a Spriggan Brigand on Oct 30, 2022.
             Slain by a river rat (7 damage)
             ... on level 3 of the Dungeon.
             The game lasted 00:09:24 (2327 turns).

styxcanada the Covert (Spriggan Brigand)            Turns: 2327, Time: 00:09:24

Health: -2/23      AC:  5    Str:  7    XL:     4   Next: 31%
Magic:  5/5        EV: 17    Int: 12    God:
Gold:   107        SH:  0    Dex: 18    Spells: 3/3 levels left

rFire   . . .      SeeInvis +   a - +3 dagger
rCold   . . .      Faith    .   (no shield)
rNeg    . . .      Spirit   .   b - +0 robe
rPois   .          Reflect  .   (helmet restricted)
rElec   .          Harm     .   c - +0 cloak
rCorr   .          Rampage  .   (gloves unavailable)
Will    .....                   (boots unavailable)
Stlth   ++++......              (no amulet)
HPRegen 0.07/turn               (no ring)
MPRegen 0.09/turn               (no ring)

@: very quick
A: very small, no large weapons, unfitting armour, see invisible, speed 3,
iridescent scales 1
a: no special abilities


You were on level 3 of the Dungeon.
You visited 1 branch of the dungeon, and saw 3 of its levels.

You collected 151 gold pieces.
You spent 44 gold pieces at shops.

Inventory:

Hand Weapons
 a - a +3 dagger (weapon)
Missiles
 d - 19 poisoned darts (quivered)
 e - 3 curare-tipped darts
 o - 8 stones
Armour
 b - a +0 robe (worn)
 c - a +0 cloak (worn)
Scrolls
 g - 4 scrolls of teleportation
 k - a scroll of poison
Potions
 f - 2 potions of ambrosia
 h - 3 potions of curing
 i - a potion of mutation
 j - a potion of magic {unknown}
 l - a potion of lignification {unknown}
 n - a potion of might {unknown}
 p - 2 potions of heal wounds {unknown}
 q - a potion of attraction {unknown}
 u - a potion of flight {unknown}


   Skills:
 * Level 1.8 Fighting
 + Level 2.6 Short Blades
 + Level 2.1 Throwing
 * Level 2.1 Dodging
 * Level 8.1 Stealth


You had 3 spell levels left.
You didn't know any spells.
Your spell library was empty.

Dungeon Overview and Level Annotations

Branches:
Dungeon (3/15)

Altars:
Ashenzari
Hepliaklqana

Shops:
D:1 !   D:2 [**


Innate Abilities, Weirdness & Mutations

You are very small and have problems with some larger weapons.
You are too small for most types of armour.
You have supernaturally acute eyesight. (SInv)
You cover ground extremely quickly. (Speed+++)
You are partially covered in iridescent scales. (AC +2)


Message History

You hit the river rat but do no damage.
The river rat is moderately wounded.
The adder bites you. The river rat misses you. The adder completely misses you.
You hit the river rat.
The river rat is heavily wounded.
The river rat misses you. The rat closely misses you. The adder bites you.
You completely miss the river rat.
The river rat is heavily wounded.
The river rat bites you. The rat bites you but does no damage.
The adder bites you but does no damage.
Unknown command.
Found a broken altar of Ashenzari.
A hobgoblin and an adder come into view.
The adder hisses angrily.
A goblin comes into view. It is wielding a +0 dagger.
You enter the shallow water.
Moving in this stuff is going to be slow.
A river rat comes into view.
A river rat comes into view.
The river rat misses you.
Your unstable footing causes you to fumble your attack.
The river rat bites you.
You hit the river rat.
The river rat is heavily wounded.
Your unstable footing causes you to fumble your attack.
The river rat bites you but does no damage.
You hit the river rat.
The river rat is almost dead.
The river rat bites you.
* * * LOW HITPOINT WARNING * * *
Your unstable footing causes you to fumble your attack.
The river rat completely misses you.
You barely miss the river rat.
The river rat is almost dead.
The river rat misses you.
Unknown command.
The river rat closely misses you.
You hear the rapid rusting of a drain.
The river rat bites you!
You die...

#....†......#r~
.#....##r#..~#~#
#.....†..##.#..~#~#
#..##..####.#.~~~~#
...
.........#..~#~# ..
≈≈≈.≈≈≈≈.S#..~~~# .
≈.......≈.##...#~#
≈.≈≈≈≈≈.≈r##..~r~#
.≈.....≈.≈.##..@~~#
.≈._.≈.≈.###.#..#
.§§..≈.≈.# #...##
g§§≈≈≈.≈.#####.#
§§§§...≈.#.....#
≈≈≈≈≈≈≈≈.#.#####
.........#.#
..###..##.#
..###..##.#


You could see a river rat.

Vanquished Creatures
  Jessica (D:2)
  2 adders
  A worm (D:3)
  4 orcs (D:3)
  5 bats
  An endoplasm (D:2)
  A giant cockroach (D:2)
  8 goblins
  2 hobgoblins (D:1)
  4 ball pythons
  4 frilled lizards
  2 kobolds
  5 rats
40 creatures vanquished.

Notes
Turn   | Place    | Note
-------+----------+-------------------------------------------
     0 | D:1      | styxcanada the Spriggan Brigand began the quest for the
                  | Orb.
     0 | D:1      | Reached XP level 1. HP: 10/10 MP: 2/2
    26 | D:1      | Reached skill level 6 in Stealth
   218 | D:1      | Found Jasix's Distillery.
   270 | D:1      | Found a faded altar of an unknown god.
   272 | D:1      | Noticed a great orb of eyes
   272 | D:1      | Noticed a golden eye
   273 | D:1      | Noticed a shining eye
   273 | D:1      | Noticed a great orb of eyes
   275 | D:1      | Reached XP level 2. HP: 14/14 MP: 3/3
   623 | D:2      | Reached XP level 3. HP: 18/18 MP: 4/4
   624 | D:2      | Reached skill level 7 in Stealth
   635 | D:2      | Found Becik's General Store.
   650 | D:2      | Found Tauzigyf's Armour Shoppe.
   710 | D:2      | Noticed Jessica
   716 | D:2      | Killed Jessica
  1227 | D:2      | Found Hidd's General Store.
  1236 | D:2      | Bought a scroll of identify for 22 gold pieces
  1236 | D:2      | Bought a scroll of identify for 22 gold pieces
  1404 | D:2      | Gained mutation: You are partially covered in iridescent
                  | scales. (AC +2) [potion of mutation]
  1581 | D:3      | Reached XP level 4. HP: 7/23 MP: 5/5
  1928 | D:3      | Found a hazy altar of Hepliaklqana.
  2060 | D:3      | Reached skill level 8 in Stealth
  2285 | D:3      | Found a broken altar of Ashenzari.
  2327 | D:3      | Slain by a river rat

Illustrated notes

Levels and vault maps discovered:
D:1:      saegor_arrival_simple_d, layout_basic,
          hellmonk_ecumenical_altar_watching_god, serial_shops,
          nicolae_shop_competitors_out_of_business, minmay_octomino_j4
D:2:      layout_loops_ring, serial_shops, nicolae_shop_window_shopping, shop,
          shop, minmay_misc_feat_room, uniq_jessica
D:3:      layout_loops_cross, mainiacjoe_overflow_concentric_impassable,
          worldfamousw_hep_ancestral_shrine, lemuel_coloured_pillars_altar,
          lightli_sewer_entry_pipes

Skill      XL: |  1  2  3  4 |
---------------+-------------+-----
Stealth        | 6 7 8 |  8.1
Dodging        | 2 |  2.1
Fighting       | |  1.8
Short Blades   | |  2.6
Throwing       | |  2.1

Action                   |  1- 3 |  4- 6 || total
-------------------------+-------+-------++-------
Melee: Dagger            |    64 |    31 ||    95
       Punch             |     1 |       ||     1
Throw: Dart              |     4 |    20 ||    24
  Use: Scroll            |     9 |       ||     9
       Potion            |     1 |       ||     1
 Stab: Sleeping          |    16 |     2 ||    18
Armor: Robe              |     5 |     5 ||    10
Dodge: Dodged            |    30 |    20 ||    50
